Description

Economic and broodlord

Replay - 3v3 Zerg Vs all

Build Order

Get SALT Encoding   

  12  0:02  Drone  
  13  0:12  Overlord  
  13  0:21  Drone  
  14  0:33  Drone x2  
  16  0:50  Drone x2  
  16  0:52  Hatchery  
  18  1:04  Drone  
  18  1:12  Spawning Pool  
  18  1:16  Drone x2  
  18  1:19  Extractor  
  18  1:28  Drone  
  19  1:59  Zergling x6  
  21  2:03  Queen  
  21  2:06  Zergling x2  
  25  2:26  Queen  
  28  2:34  Overlord x2  
  26  2:48  Metabolic Boost  
  26  2:56  Zergling x4  
  27  3:18  Zergling x8  
  37  3:59  Overlord x2  
  43  4:04  Roach Warren  
  43  4:17  Extractor  
  43  4:23  Lair  
  50  5:09  Hatchery  
  49  5:28  Baneling Nest  
  56  5:52  Glial Reconstitution  
  56  5:55  Extractor  
  55  5:59  Spine Crawler  
  55  6:00  Extractor  
  54  6:07  Spore Crawler  
  54  6:10  Spine Crawler  
  52  6:14  Centrifugal Hooks  
  52  6:18  Baneling x10  
  63  6:32  Queen  
  65  6:39  Spore Crawler  
  66  6:44  Hydralisk Den  
  74  7:24  Muscular Augments  
  74  7:35  Lurker Den  
  73  7:42  Infestation Pit  
  72  7:55  Hydralisk x6  
  85  8:05  Queen  
  101  8:23  Hatchery  
  100  8:27  Grooved Spines  
  100  8:34  Hydralisk x3  
  106  8:51  Extractor  
  108  9:10  Hydralisk  
  108  9:15  Extractor  
  128  9:50  Hive  
Spawning Tool Build Advisor. Get it on Overwolf

Analysis

Economic and broodlord

Go to:

Details

  • Created by: ElninoPat
  • Published on: Jan 25, 2025
  • Modified on: Jan 25, 2025
  • Patch: 5.0.11
  • Difficulty: Easy
Show
View Real Time Build Order
Export as new Build Order

Comments (0)

There are no comments. Be the first!

Create an account to comment!